 Dungeon Crawl Stone Soup version 0.24-a0-535-gbb0d440638 (webtiles) character file.

Game seed: 8930111165918436331

22806 GordonOverkill the Cleaver (level 12, 0/108 HPs)
             Began as a Deep Elf Berserker on Aug 10, 2019.
             Was a High Priest of Trog.
             Slain by a komodo dragon (24 damage)
             ... on level 3 of the Lair of Beasts.
             The game lasted 00:31:59 (16366 turns).

GordonOverkill the Cleaver (Deep Elf Berserker)    Turns: 16366, Time: 00:31:59

Health: 0/108      AC: 15    Str: 26    XL:     12   Next: 66%
Magic:  14/14      EV: 13    Int: 14    God:    Trog [*****.]
Gold:   938        SH:  5    Dex: 14    Spells: 11/11 levels left

rFire    . . .     SeeInvis .   a - +6 broad axe of Instant Death {chop, rC+ Str+3}
rCold    + + .     Gourm    .   B - +0 buckler
rNeg     . . .     Faith    +   n - +0 chain mail
rPois    .         Spirit   .   H - +1 helmet
rElec    .         Reflect  .   j - +0 cloak
rCorr    .         Harm     .   (no gloves)
MR       +....                  (no boots)
Stlth    ..........             d - amulet of faith
HPRegen  0.28/turn              w - +2 ring of evasion
MPRegen  0.14/turn              R - ring of protection from cold

@: berserking, studying Armour, very quick
A: no striking features
a: Berserk, Trog's Hand, Brothers in Arms, Renounce Religion


You were on level 3 of the Lair of Beasts.
You worshipped Trog.
Trog was extremely pleased with you.
You were not hungry.

You visited 2 branches of the dungeon, and saw 14 of its levels.
You also visited: Ossuary and Volcano.

You collected 1137 gold pieces.
You spent 199 gold pieces at shops.

Inventory:

Hand Weapons
 a - the +6 broad axe of Instant Death (weapon) {chop, rC+ Str+3}
   (Trog gifted it to you on level 8 of the Dungeon)

   It inflicts extra damage upon your enemies.
   It affects your strength (+3).
   It protects you from cold.
 b - a +0 war axe of flaming
 G - a +2 vampiric battleaxe
Missiles
 r - 8 javelins (quivered)
 y - 7 silver javelins
 I - 8 boomerangs
 J - a throwing net
Armour
 j - a +0 cloak (worn)
 l - a +0 shield
 n - a +0 chain mail (worn)
 o - a +2 ring mail of fire resistance
 B - a +0 buckler (worn)
 H - a +1 helmet (worn)
Jewellery
 d - an amulet of faith (around neck)
 w - a +2 ring of evasion (left hand)
 R - a ring of protection from cold (right hand)
Wands
 f - a wand of flame (53)
 p - a wand of polymorph (7)
 K - a wand of acid (7)
 N - a wand of enslavement (7)
 Q - a wand of iceblast (9)
 S - a wand of disintegration (7)
 U - a wand of random effects (19)
Scrolls
 m - 11 scrolls of remove curse
 q - 9 scrolls of teleportation
 t - 3 scrolls of holy word
 u - 5 scrolls of magic mapping
 D - 3 scrolls of fear
 O - 2 scrolls of enchant weapon
Potions
 e - 2 potions of resistance
 g - 4 potions of berserk rage
 h - 4 potions of agility
 i - 8 potions of curing
 k - 3 potions of haste
 s - a potion of magic {unknown}
 v - 2 potions of invisibility
 x - 2 potions of cancellation
 z - 3 potions of lignification
 A - 2 potions of mutation
 C - 4 potions of might
 E - a potion of ambrosia {unknown}
 L - a potion of heal wounds {unknown}
 M - 3 potions of brilliance
Books
 F - a manual of Armour
Comestibles
 c - 16 rations


   Skills:
 - Level 7.0 Fighting
 * Level 13.6 Axes
 - Level 10.0 Armour
 - Level 5.0 Dodging
 - Level 5.0 Shields


You had 11 spell levels left.
You didn't know any spells.
Your spell library was empty.

Dungeon Overview and Level Annotations

Branches:
Dungeon (11/15)            Temple (0/1) D:5            Lair (3/6) D:9
 Spider (0/4) Lair:2
  Swamp: Lair:2-4    Shoals: Lair:2-4       Orc: D:9-12

Altars:
Fedhas
Wu Jian
The Shining One

Shops:
D:6 (

Annotations:
D:11 1 runed translucent door, exclusion: 4 orange crystal statues


Message History

Unknown command.
Unknown command.
Unknown command.
Unknown command.
A red film seems to cover your vision as you go berserk!
You feel yourself moving faster!
You feel mighty!
You feel a lot more hungry. The komodo dragon misses you.
You slice the komodo dragon!!
The komodo dragon is severely wounded.
The komodo dragon barely misses you.
You closely miss the komodo dragon.
The komodo dragon is severely wounded.
The komodo dragon bites you!
* * * LOW HITPOINT WARNING * * *
You barely miss the komodo dragon.
The komodo dragon is severely wounded.
You closely miss the komodo dragon.
The komodo dragon is severely wounded.
The komodo dragon bites you!!
You die...

#..#......##..
##............
#..##..........
##.#......#.#.#
#.........## #
##.>..#...#
#.##%.....#
.##.#####..##..P#
......ll@...#..##
P#.....##..## .#
....#.# ##.....#
####.$ .......
... .#P...% ...#
. ..... #...
.###. ... #⌠##


You could see a komodo dragon and a basilisk.

Vanquished Creatures
  The ghost of bgiannan the Fighter, a journeyman GrMo of Okawaru (Lair:2)
  A tengu warrior (D:10)
  2 skeletal warriors (Volcano)
  Pikel (D:7)
  4 anaconda skeletons (Volcano)
  A wolf spider (Lair:2)
  3 cyclopes (D:11)
  A black mamba (Lair:2)
  Psyche (D:11)
  5 gargoyles (Volcano)
  A rime drake (Lair:1)
  2 spiny frogs
  A kobold demonologist (D:11)
  3 komodo dragons
  A jumping spider (Lair:2)
  A troll (D:9)
  A harpy skeleton (Volcano)
  5 blink frogs (Lair:2)
  2 flying skulls (Volcano)
  A hippogriff (D:11)
  A shadow (D:11)
  16 yaks
  An alligator skeleton (Volcano)
  2 basilisks
  A wyvern (Lair:3)
  A steam dragon (D:10)
  A hungry ghost (D:7)
  9 porcupines
  3 water moccasins
  2 orc warriors
  A hornet zombie (D:10)
  2 sky beasts (D:9)
  2 phantoms
  6 ice beasts
  2 necrophages
  3 wolves (Lair:2)
  6 ogres
  3 crocodiles (D:9)
  4 centaurs
  10 bullfrogs
  A big kobold (D:11)
  A wyvern zombie (D:7)
  4 water moccasin zombies (Ossuary)
  2 scorpions (D:10)
  11 killer bees
  2 spriggan skeletons (Volcano)
  2 troll skeletons (Volcano)
  5 crimson imps
  2 bullfrog zombies
  2 jellies
  A quasit (D:8)
  2 centaur zombies
  4 orc priests
  6 hounds
  6 orc wizards
  2 bullfrog skeletons (D:6)
  Jessica (D:2)
  3 iguanas
  11 worker ants
  A big kobold zombie (Ossuary)
  A naga skeleton (Volcano)
  A hound skeleton (D:4)
  3 mummies
  A howler monkey zombie (D:11)
  3 worker ant zombies
  A howler monkey skeleton (D:10)
  A gnoll (D:1)
  9 adders
  2 shadow imps
  An ooze (D:5)
  4 worms
  An adder skeleton (D:8)
  9 adder zombies (Ossuary)
  3 dart slugs
  4 leopard geckos
  29 orcs
  3 bats
  4 giant cockroaches
  6 goblins
  6 hobgoblins
  5 jackals
  12 kobolds
  A quokka (D:8)
  A ball python (D:3)
  6 frilled lizards
  4 hobgoblin zombies (Ossuary)
  A jackal zombie (D:5)
  6 kobold zombies (Ossuary)
  3 orc zombies (Ossuary)
  A quokka zombie (D:5)
  2 rats
  2 fungi (D:9)
  2 plants
321 creatures vanquished.

Vanquished Creatures (collateral kills)
  An adder (D:8)
1 creature vanquished.

Vanquished Creatures (others)
  A flying skull (Volcano)
  2 fungi (Lair:2)
  2 plants (Lair:2)
5 creatures vanquished.

Grand Total: 327 creatures vanquished

Notes
Turn   | Place    | Note
-------+----------+-------------------------------------------
     0 | D:1      | GordonOverkill the Deep Elf Berserker began the quest for
                  | the Orb.
     0 | D:1      | Reached XP level 1. HP: 13/13 MP: 3/3
   459 | D:1      | Reached XP level 2. HP: 18/18 MP: 4/4
   741 | D:1      | Reached XP level 3. HP: 18/22 MP: 5/5
   988 | D:2      | Noticed Jessica
   993 | D:2      | Killed Jessica
   993 | D:2      | Reached ** piety under Trog
   993 | D:2      | Reached skill level 3 in Axes
  1061 | D:2      | Reached XP level 4. HP: 11/27 MP: 6/6
  3433 | D:4      | Reached XP level 5. HP: 23/32 MP: 7/7
  3654 | D:3      | Reached skill level 1 in Shields
  3985 | D:4      | Found a sand-covered staircase.
  3990 | Ossuary  | Entered an ossuary
  4090 | Ossuary  | Reached XP level 6. HP: 22/37 MP: 8/8
  4279 | Ossuary  | Reached *** piety under Trog
  4298 | Ossuary  | Reached skill level 4 in Axes
  4878 | D:4      | Reached XP level 7. HP: 37/41 MP: 9/9
  4923 | D:4      | Found a blossoming altar of Fedhas.
  5179 | D:5      | Entered Level 5 of the Dungeon
  5251 | D:5      | Found a staircase to the Ecumenical Temple.
  5714 | D:5      | Reached **** piety under Trog
  5941 | D:5      | Reached skill level 5 in Axes
  5941 | D:5      | Reached XP level 8. HP: 48/48 MP: 10/10
  6237 | D:6      | Reached skill level 5 in Dodging
  6888 | D:6      | Found a glowing golden altar of the Shining One.
  7079 | D:6      | Found an ornate altar of the Wu Jian Council.
  7445 | D:6      | Found Woazelyu's Antique Weapon Boutique.
  7462 | D:6      | Bought a runed battleaxe for 199 gold pieces
  7797 | D:7      | Reached skill level 6 in Axes
  7912 | D:7      | Reached XP level 9. HP: 52/52 MP: 11/11
  8150 | D:7      | Noticed Pikel
  8160 | D:7      | Killed Pikel
  8160 | D:7      | Reached skill level 5 in Fighting
  8160 | D:7      | Reached skill level 7 in Axes
  8330 | D:7      | Got a translucent quarterstaff
  8331 | D:7      | Identified the +8 quarterstaff of Wounding {flame, +Inv rN+
                  | MP+9 Int+4} (You found it on level 7 of the Dungeon)
  8790 | D:8      | Reached skill level 5 in Armour
  8921 | D:8      | Reached ***** piety under Trog
  9104 | D:8      | Received a gift from Trog
  9107 | D:8      | Got a transparent broad axe {god gift}
  9108 | D:8      | Identified the +6 broad axe of Instant Death {chop, rC+
                  | Str+3} (Trog gifted it to you on level 8 of the Dungeon)
  9220 | D:8      | Reached skill level 8 in Axes
  9646 | D:9      | Reached XP level 10. HP: 60/60 MP: 12/12
  9675 | D:9      | Found a staircase to the Lair.
  9687 | D:9      | Reached skill level 5 in Shields
 10092 | D:9      | Reached skill level 9 in Axes
 10321 | D:10     | Entered Level 10 of the Dungeon
 10338 | D:10     | Noticed a tengu warrior
 10349 | D:10     | Killed a tengu warrior
 10750 | D:10     | Reached XP level 11. HP: 67/67 MP: 13/13
 11321 | D:11     | Noticed Psyche
 11662 | D:11     | Received a gift from Trog
 11731 | D:11     | Reached skill level 10 in Axes
 12003 | D:11     | Found a runed translucent door.
 12007 | D:11     | Found the +10 large shield of Ignorance {rN+ Int-4}
 12029 | D:11     | Found a runed translucent door.
 12033 | D:11     | Noticed an orange crystal statue
 12202 | D:11     | Killed Psyche
 12552 | D:11     | Noticed an orange crystal statue
 12552 | D:11     | Noticed an orange crystal statue
 12552 | D:11     | Noticed an orange crystal statue
 12553 | D:11     | Noticed a two-headed ogre
 12553 | D:11     | Noticed a two-headed ogre
 12893 | Lair:1   | Entered Level 1 of the Lair of Beasts
 13195 | Lair:1   | You fall into a shaft and drop 1 floor!
 13227 | Lair:2   | Reached skill level 11 in Axes
 13285 | Lair:2   | Found a dark tunnel.
 13390 | Volcano  | Entered a volcano
 13454 | Volcano  | Reached skill level 10 in Armour
 13738 | Volcano  | Reached XP level 12. HP: 33/72 MP: 14/14
 13998 | Volcano  | Reached skill level 12 in Axes
 14579 | Lair:2   | Noticed bgiannan's ghost (journeyman GrMo)
 14582 | Lair:2   | Found a runed translucent door.
 14616 | Lair:2   | Found a hole to the Spider Nest.
 14992 | Lair:2   | Received a gift from Trog
 14992 | Lair:2   | Reached skill level 13 in Axes
 16274 | Lair:2   | Killed bgiannan's ghost
 16366 | Lair:3   | Slain by a komodo dragon

Levels and vault maps discovered:
D:1:      minmay_arrival_wavy_path, layout_basic
D:2:      minmay_diamond_boxcup, layout_loops_ring, uniq_jessica
D:3:      layout_basic, first_ration
D:4:      layout_rooms, enter_ossuary_5, fedhas_altar_1
D:5:      layout_loops_corners, minmay_temple_entry_offerings
D:6:      layout_loops_cross, nicolae_overflow_crystal_walls, basic_altar,
          serial_shops, nicolae_shop_overgrown_old_shop
D:7:      layout_rooms, uniq_pikel
D:8:      layout_basic, grunt_ogre_cave, minmay_manual_mares
D:9:      layout_roguey, minmay_lair_entry_grove, minmay_orc_keep
D:10:     layout_loops_ring
D:11:     layout_grid_maze, serial_undead, serial_undead_f, serial_undead_e,
          serial_undead_c, serial_undead_b, chequers_guarded_unrand_ignorance,
          uniq_psyche
Lair:1:   layout_roguey
Lair:2:   layout_loops_ring, spider_nest_entry_funnel_web, enter_volcano_1,
          hellmonk_ghost_happy_afterlife
Lair:3:   layout_loops_ring, hellmonk_ghost_happy_afterlife, special_room
          [special_room_bee]

Skill      XL: |  1  2  3  4  5  6  7  8  9 10 11 12 |
---------------+-------------------------------------+-----
Axes           | 3 4 5 6 8 9 11 13 | 13.6
Armour         | 2 3 4 5 7 10 | 10.0
Dodging        | 3 4 5 |  5.0
Fighting       | 3 4 5 7 |  7.0
Shields        | 1 2 3 4 5 |  5.0

Action                   |  1- 3 |  4- 6 |  7- 9 | 10-12 || total
-------------------------+-------+-------+-------+-------++-------
Melee: Hand axe          |    62 |   267 |   278 |       ||   607
       Battleaxe         |       |       |   155 |       ||   155
       Broad axe         |       |       |    42 |   437 ||   479
Throw: Stone             |     5 |    14 |       |       ||    19
Invok: Berserk           |     4 |    11 |    13 |    22 ||    50
       Trog's Hand       |       |     2 |     1 |     3 ||     6
       Brothers in Arms  |       |       |       |     2 ||     2
Evoke: Wand              |       |       |       |     3 ||     3
  Use: Scroll            |     4 |     5 |    12 |     6 ||    27
       Potion            |       |     3 |       |     2 ||     5
 Stab: Distracted        |       |       |     1 |       ||     1
  Eat: Chunk             |     1 |    11 |    20 |    30 ||    62
       Ration            |     1 |     4 |     3 |     4 ||    12
Armor: Animal skin       |     8 |     3 |       |       ||    11
       Chain mail        |       |   132 |   233 |   154 ||   519
Dodge: Dodged            |    32 |   119 |   251 |   212 ||   614
Block: Buckler           |       |       |    53 |   108 ||   161

Table legend:
 A = Non-vault XP
 B = Vault XP
 C = Vault XP percentage of total XP
 D = Non-vault monster count
 E = Vault monster count
 F = Vault count percentage of total count
                 A         B        C        D         E       F
            +---------+---------+-------+---------+---------+-------
      Total |   19101 |   13480 |  41.4 |     226 |      92 |  28.9
            +---------+---------+-------+---------+---------+-------
        D:1 |      41 |       0 |   0.0 |      18 |       0 |   0.0
        D:2 |      30 |      56 |  65.1 |      13 |      10 |  43.5
        D:3 |      95 |       0 |   0.0 |      14 |       0 |   0.0
        D:4 |     277 |       0 |   0.0 |      10 |       0 |   0.0
        D:5 |     535 |       0 |   0.0 |      14 |       0 |   0.0
        D:6 |     865 |       0 |   0.0 |      17 |       0 |   0.0
        D:7 |     957 |     651 |  40.5 |      19 |       1 |   5.0
        D:8 |     960 |     341 |  26.2 |      27 |       3 |  10.0
        D:9 |    1197 |    2308 |  65.8 |      16 |      22 |  57.9
       D:10 |    2626 |       0 |   0.0 |      21 |       0 |   0.0
       D:11 |    2800 |     586 |  17.3 |      17 |       4 |  19.0
     Lair:1 |    3339 |       0 |   0.0 |      16 |       0 |   0.0
     Lair:2 |    4990 |    1781 |  26.3 |      22 |       3 |  12.0
     Lair:3 |     389 |       0 |   0.0 |       2 |       0 |   0.0
    Ossuary |       0 |     420 | 100.0 |       0 |      29 | 100.0
    Volcano |       0 |    7337 | 100.0 |       0 |      20 | 100.0
            +---------+---------+-------+---------+---------+-------
